 Dungeon Crawl Stone Soup version 0.17-a0-2208-ge5ab1d3 (webtiles) character file.

86738 xeno23 the Alchemist (level 15, -14/120 HPs)
             Began as a Felid Transmuter on Oct 25, 2015.
             Was the Champion of Makhleb.
             Shot with a poisoned arrow by a naga sharpshooter (16 damage)
             ... on level 2 of the Snake Pit on Oct 26, 2015.
             The game lasted 04:46:58 (29041 turns).

xeno23 the Alchemist (Felid Transmuter)            Turns: 29041, Time: 04:46:58

Health: -14/120    AC:  3    Str: 11    XL:     15   Next: 41%
Magic:  21/24      EV: 34    Int: 14    God:    Makhleb [******]
Gold:   1926       SH:  0    Dex: 24    Spells: 7 memorised, 3 levels left
                                        Lives:  0   Deaths: 4

rFire  . . .     SeeInvis +       - Unarmed
rCold  + . .     Clarity  .     (armour unavailable)
rNeg   . . .     SustAt   .     (shield unavailable)
rPois  .         Gourm    .     (helmet unavailable)
rElec  .         Spirit   .     (cloak unavailable)
rCorr  .         Warding  .     (gloves unavailable)
rMut   .         Stasis   .     (boots unavailable)
MR     ++...                    x - amulet of regeneration
Stlth  ..........               L - ring of flight
                                J - +3 ring of evasion

@: berserking, lethally poisoned (-14 -> -16), blade paws, very slightly
contaminated, constricted, very quick, very resistant to hostile enchantments,
extremely unstealthy
A: no armour, no weapons or thrown items, claws 1, fangs 3, see invisible,
carnivore 3, speed 1, robust 1, shaggy fur 3, slow metabolism 1, (sharp paws)
a: End Transformation, Minor Destruction, Lesser Servant of Makhleb, Major
Destruction, Greater Servant of Makhleb, Renounce Religion, Evoke Flight


You were on level 2 of the Snake Pit.
You worshipped Makhleb.
Makhleb was exalted by your worship.
You were not hungry.
You had blades for front paws.
You visited 5 branches of the dungeon, and saw 30 of its levels.
You also visited: Labyrinth and Volcano.

You collected 3256 gold pieces.
You spent 1330 gold pieces at shops.

Inventory:

Missiles
 a - 504 arrows
Jewellery
 k - an uncursed amulet of rage
 x - an amulet of regeneration (around neck)
 J - a +3 ring of evasion (left scythe-like blade)
 L - a ring of flight (right scythe-like blade)
Wands
 p - a wand of lightning (10)
 t - a wand of digging (12)
 u - a wand of teleportation (5)
 C - a wand of disintegration (10)
 E - a wand of fireball (1)
 N - a wand of fire (10)
 R - a wand of invisibility (5)
Scrolls
 e - 4 scrolls of fear
 h - 2 scrolls of magic mapping
 l - 2 scrolls of holy word
 n - a scroll of torment
 o - 2 scrolls of amnesia
 r - 12 scrolls of teleportation
 w - 4 scrolls of fog
 A - 8 scrolls of remove curse
 S - 2 scrolls of identify
 X - 4 scrolls of recharging
 Y - 3 scrolls of immolation
Potions
 b - 2 potions of berserk rage
 d - 3 potions of resistance
 f - 5 potions of agility
 g - a potion of magic
 j - 3 potions of might
 m - 6 potions of brilliance
 q - 2 potions of haste
 s - 6 potions of flight
 v - 2 potions of cancellation
 G - 2 potions of mutation
 H - 6 potions of curing
 I - 3 potions of lignification
Miscellaneous
 B - a phantom mirror
Comestibles
 c - 8 meat rations
 i - 14 royal jellies
 F - 10 beef jerkies
 M - a slice of pizza


   Skills:
 * Level 12.3 Fighting
 + Level 13.4 Dodging
 + Level 14.2 Stealth
 * Level 14.5 Unarmed Combat
 + Level 5.6 Spellcasting
 - Level 2.0 Charms
 - Level 4.0 Translocations
 * Level 15.7 Transmutations
 - Level 3.0 Invocations
 - Level 4.0 Evocations


You had 3 spell levels left.
You knew the following spells:

 Your Spells              Type           Power        Failure   Level  Hunger
a - Beastly Appendage     Trmt           #####.       4%          1    None
b - Dragon Form           Trmt           #####.....   67%         7    #######
c - Blink                 Tloc           N/A          36%         2    ##.....
d - Spider Form           Trmt/Pois      ####......   21%         3    ###....
q - Blade Hands           Trmt           #####.....   14%         5    ######.
r - Repel Missiles        Chrm/Air       #.....       63%         2    ##.....
s - Sticks to Snakes      Trmt           #####.....   6%          2    ##.....


Dungeon Overview and Level Annotations

Branches:
Dungeon (15/15)            Temple (1/1) D:5            Lair (8/8) D:9
 Shoals (0/4) Lair:6        Snake (2/4) Lair:6          Orc (4/4) D:10
    Elf (0/3) Orc:3        Vaults (0/5) D:13         Depths (0/5) D:15
  Slime: Lair:6-8

Altars:
Ashenzari
Cheibriados
Dithmenos
Elyvilon
Fedhas
Gozag
Kikubaaqudgha
Makhleb
Nemelex Xobeh
Okawaru
Qazlal
Ru
Sif Muna
Trog
Vehumet
Xom
Yredelemnul
Zin
The Shining One

Shops:
D:6 %*   D:7 [   D:8 (   D:11 !   D:13 (   Orc:3 }   Orc:4 %*%[

Portals:
Hell: Lair:8


Innate Abilities, Weirdness & Mutations

You cannot wear armour.
You are incapable of wielding weapons or throwing items.
You have sharp claws.
You have razor-sharp teeth.
You have supernaturally acute eyesight.
You are carnivorous and can eat meat at any time.
You cover ground quickly.
Your thick and shaggy fur keeps you warm (AC +3, rC+).
You have a slow metabolism.
((Your sharp claws are effective at attacking unaware monsters.))
You are robust (+10% HP).


Message History

You hit the naga mage.
The naga mage is lightly wounded.
You feel sick. The naga mage completely misses you.
The naga warrior hits you with a mace!
* * * LOW HITPOINT WARNING * * *
x2 The naga warrior constricts you.
You take 16 damage.
Read which item? (? for menu, Esc to quit)
Okay, then.
Drink which item? (? for menu, Esc to quit)
A red film seems to cover your vision as you go berserk!
You feel yourself moving faster!
You feel mighty!
* * * LOW HITPOINT WARNING * * *
You feel sick. The naga mage spits poison at you.
The splash of poison misses you.
The naga sharpshooter gestures wildly while chanting.
The naga sharpshooter magically shoots a poisoned arrow.
The poisoned arrow hits you!
You die...

.............
..........N
.........
#....§§
##...§##
.###......##
........(...##
##..(..###S.|.#
........N@$..##
........N.N.##
...#.....(##
##........#
###.........##
.............##
.......##.....#
#.....# ##....#
#..... #....#


You could see a naga warrior, a naga sharpshooter, a guardian serpent and a naga
mage.

Vanquished Creatures
  Roxanne (Snake:1)
  Donald (Orc:3)
  Aizul (Snake:1)
  3 dire elephants
  A minotaur (Lab)
  Snorg (D:10)
  5 vault guards (D:13)
  4 hydras
  A naga warrior (Snake:1)
  An anaconda (Snake:1)
  2 catoblepae
  A tengu warrior (D:15)
  2 centaur warriors (D:15)
  17 death yaks
  2 wizards
  3 unseen horrors
  3 orc knights
  4 hill giants
  2 mana vipers (Snake:1)
  A lindwurm (Lair:6)
  4 orc sorcerers
  3 ugly things
  5 griffons
  3 cyclopes
  A siren (Lair:6)
  A wolf spider (D:15)
  A sixfirhy (Lair:8)
  2 manticores
  11 black mambas
  15 elephants
  A guardian serpent (Snake:1)
  2 naga magi (Snake:1)
  3 toenail golems (Volcano)
  2 orange demons (Lair:8)
  2 torpor snails
  A smoke demon (Lair:8)
  2 gargoyles
  A hellwing (Lair:8)
  A red devil (Lair:8)
  A blue devil (Lair:8)
  A fire drake (Lair:8)
  6 komodo dragons
  A harpy zombie (D:14)
  15 spiny frogs
  6 trolls
  3 polar bears
  2 tengu conjurers
  2 two-headed ogres
  Prince Ribbit (D:6)
  23 blink frogs
  A deep elf priest (D:14)
  2 boulder beetles
  A queen bee (Lair:2)
  3 slime creatures
  2 fire elementals (D:13)
  3 wyverns
  Sigmund (D:5)
  2 shadows
  7 humans
  4 deep elf magi (D:14)
  4 wraiths
  43 yaks
  A spriggan (Lair:6)
  A vampire (D:15)
  Grum (D:10)
  5 nagas
  7 wolves
  3 hungry ghosts
  3 basilisks
  Menkaure (D:4)
  18 wargs (D:10)
  3 mottled dragons
  Edmund (D:5)
  13 hippogriffs
  A hell hound (Lair:8)
  15 porcupines
  A deep elf fighter (D:14)
  12 water moccasins
  38 orc warriors
  2 sky beasts
  3 ice beasts
  2 black bears
  4 necrophages
  12 ogres
  5 phantoms
  The ghost of Gruud the Insei, an amateur DsTm (D:3)
  16 centaurs
  19 crocodiles
  An eye of draining (D:14)
  4 big kobolds
  18 giant frogs
  3 scorpions
  11 wights
  20 killer bees (Lair:2)
  4 quasits
  A giant frog zombie (D:11)
  7 hounds
  4 lava snakes (Lab)
  2 centaur zombies
  5 crimson imps
  An iron imp (D:5)
  A giant frog skeleton (D:9)
  12 jellies
  4 centaur skeletons
  7 iguanas
  30 orc wizards
  25 orc priests
  11 worker ants
  14 sheep
  9 adders
  3 gnolls (D:2)
  44 river rats
  2 shadow imps
  16 oozes
  An adder skeleton (D:8)
  9 worms
  6 giant geckos
  150 orcs
  5 ball pythons
  8 bats
  4 giant cockroaches
  5 goblins
  5 hobgoblins
  18 jackals
  6 quokkas
  3 giant gecko skeletons
  8 giant newts
  A jackal zombie (D:6)
  27 kobolds
  3 quokka zombies
  8 rats
  A butterfly (Lair:3)
966 creatures vanquished.

Vanquished Creatures (collateral kills)
  Rupert (Lair:4)
  A hydra (Lair:6)
  2 death yaks
  A hill giant (D:9)
  An orange demon (Lair:8)
  2 red devils (Lair:8)
  A blue devil (Lair:8)
  A hell hound (Lair:8)
  A crocodile (Lair:5)
  A centaur (Orc:4)
  5 killer bees (Lair:2)
  An adder (D:2)
18 creatures vanquished.

Vanquished Creatures (others)
  An orc (Orc:3)
  28 fungi
  10 plants
39 creatures vanquished.

Grand Total: 1023 creatures vanquished

Notes
Turn   | Place    | Note
--------------------------------------------------------------
     0 | D:1      | xeno23 the Felid Transmuter began the quest for the Orb.
     0 | D:1      | Reached XP level 1. HP: 9/9 MP: 4/4
   122 | D:1      | Reached XP level 2. HP: 4/12 MP: 4/6
   127 | D:1      | Learned a level 2 spell: Sticks to Snakes
   456 | D:1      | Reached skill level 1 in Stealth
  1334 | D:2      | Reached XP level 3. HP: 15/15 MP: 7/7
  1560 | D:2      | Reached XP level 4. HP: 9/19 MP: 2/8
  2016 | D:2      | Learned a level 3 spell: Spider Form
  2283 | D:3      | Found an ancient bone altar of Kikubaaqudgha.
  2330 | D:3      | Noticed an ogre
  2408 | D:3      | Killed an ogre
  2408 | D:3      | Reached XP level 5. HP: 22/22 MP: 3/9
  2430 | D:3      | Found a sacrificial altar of Ru.
  2516 | D:3      | Reached skill level 4 in Transmutations
  2703 | D:3      | Noticed Gruud's ghost (amateur DsTm)
  2744 | D:3      | HP: 1/22 [Gruud's ghost (9)]
  3247 | D:3      | Killed Gruud's ghost
  3247 | D:3      | Gained mutation: You are covered in thick fur (AC +2). [Felid growth]
  3247 | D:3      | Reached XP level 6. HP: 26/26 MP: 8/11
  3300 | D:4      | Noticed Menkaure
  3669 | D:4      | Slain by a centaur skeleton
  3670 | D:4      | Reached XP level 5. HP: -1/23 MP: 7/10
  3805 | D:4      | Reached XP level 6. HP: 27/27 MP: 7/11
  3871 | D:4      | Reached skill level 1 in Evocations
  3925 | D:4      | Killed Menkaure
  3925 | D:4      | Reached skill level 5 in Unarmed Combat
  3925 | D:4      | Reached skill level 5 in Transmutations
  3925 | D:4      | Reached XP level 7. HP: 30/30 MP: 8/12
  4193 | D:4      | Found a bloodstained altar of Trog.
  4193 | D:4      | Found a sacrificial altar of Ru.
  4368 | D:5      | Entered Level 5 of the Dungeon
  4466 | D:5      | Found a staircase to the Ecumenical Temple.
  4473 | D:5      | Found a radiant altar of Vehumet.
  4657 | D:6      | Found Ikhlih Udue's Food Boutique.
  4722 | D:6      | Reached XP level 8. HP: 26/34 MP: 10/14
  4746 | Temple   | Entered the Ecumenical Temple
  4838 | Temple   | Became a worshipper of Makhleb the Destroyer
  4927 | D:5      | Noticed Sigmund
  4941 | D:5      | Killed Sigmund
  5041 | D:5      | Found a snail-covered altar of Cheibriados.
  5173 | D:6      | Noticed Edmund
  5208 | D:5      | Killed Edmund
  5208 | D:5      | Reached skill level 6 in Unarmed Combat
  5547 | D:6      | Noticed Prince Ribbit
  5689 | D:6      | Killed Prince Ribbit
  5689 | D:6      | Reached skill level 5 in Dodging
  5879 | D:6      | Found Zyhumiceseg's Assorted Antiques.
  5891 | D:6      | Bought a scroll of identify for 58 gold pieces
  5891 | D:6      | Bought a scroll labeled ZOZ JAUNUCHITO for 29 gold pieces
  5891 | D:6      | Bought a scroll labeled WUONAM ENUENOA for 29 gold pieces
  5891 | D:6      | Bought a scroll labeled IKAMAA EROSHROU for 29 gold pieces
  5997 | D:6      | Found a blossoming altar of Fedhas.
  6017 | D:6      | Reached skill level 5 in Stealth
  6033 | D:6      | Reached * piety under Makhleb
  6046 | D:6      | Found a glowing golden altar of the Shining One.
  6118 | D:7      | Found Ufuheff's Antique Armour Shop.
  6279 | D:7      | Reached XP level 9. HP: 15/39 MP: 0/15
  6527 | D:7      | Reached skill level 7 in Transmutations
  6536 | D:7      | Learned a level 5 spell: Blade Hands
  7189 | D:8      | Reached ** piety under Makhleb
  7411 | D:8      | Found Zadghithru's Weapon Shoppe.
  7693 | D:9      | Killed from afar by an orc priest
  7694 | D:9      | Reached XP level 8. HP: 0/36 MP: 14/15
  7745 | D:9      | Reached skill level 8 in Transmutations
  7757 | D:9      | Reached skill level 5 in Fighting
  7822 | D:9      | Reached XP level 9. HP: 38/40 MP: 13/16
  7943 | D:9      | Found a staircase to the Lair.
  8129 | D:9      | Reached *** piety under Makhleb
  8374 | D:9      | Noticed a hill giant
  8410 | D:9      | Killed a hill giant
  8498 | D:10     | Entered Level 10 of the Dungeon
  8556 | D:10     | Found a staircase to the Orcish Mines.
  8564 | D:10     | Reached **** piety under Makhleb
  8678 | D:10     | Noticed Snorg
  8719 | D:10     | Reached skill level 9 in Transmutations
  8856 | D:10     | Reached XP level 10. HP: 26/45 MP: 4/17
  8947 | D:10     | Noticed an orc sorcerer
  9132 | D:10     | Killed Snorg
  9490 | D:10     | Noticed a hill giant
  9495 | D:10     | Killed a hill giant
  9507 | D:10     | Noticed Grum
  9517 | D:10     | Killed Grum
  9518 | D:10     | Reached skill level 10 in Transmutations
  9760 | D:10     | Reached ***** piety under Makhleb
  9802 | D:10     | Noticed an orc knight
  9944 | D:10     | Killed an orc knight
  9944 | D:10     | Reached XP level 11. HP: 49/49 MP: 13/18
 10389 | D:10     | HP: 1/49 [orc sorcerer/bolt of fire (32)]
 10556 | Lair:1   | Entered Level 1 of the Lair of Beasts
 10886 | Lair:1   | Reached skill level 10 in Unarmed Combat
 11023 | Lair:1   | Got a glittering ivory ring
 11154 | Lair:1   | Identified the ring of Geadidwonet {*Confuse +Fly Dex+2 SInv} (You found it on level 1 of the Lair of Beasts)
 11296 | Lair:2   | Found a labyrinth entrance.
 11328 | Lab      | Entered a labyrinth
 12053 | Lab      | Found an exit through the horrors of the Abyss.
 12096 | Lab      | Noticed a minotaur
 12118 | Lab      | Identified the +4 war axe of Sharkskin {elec, *Contam rElec rF+ Dex+4}
 12118 | Lab      | Slain by a minotaur
 12119 | Lab      | Reached XP level 10. HP: -4/70 MP: 12/17
 12170 | Lab      | Killed a minotaur
 12170 | Lab      | Reached skill level 11 in Transmutations
 12180 | Lab      | Identified the Incunabulum of Changing and Battle Magic
 12314 | Lair:2   | Reached XP level 11. HP: 19/50 MP: 13/18
 12326 | Lair:2   | Reached skill level 1 in Invocations
 12973 | Lair:3   | Reached skill level 10 in Stealth
 13055 | Lair:3   | Reached skill level 10 in Dodging
 13258 | Lair:3   | Noticed a death yak
 13259 | Lair:3   | Noticed a death yak
 13260 | Lair:3   | Noticed a death yak
 13261 | Lair:3   | Noticed a death yak
 13282 | Lair:3   | Killed a death yak
 13285 | Lair:3   | Killed a death yak
 13417 | Lair:3   | Killed a death yak
 13420 | Lair:3   | Killed a death yak
 13422 | Lair:3   | Noticed a five-headed hydra
 13492 | Lair:3   | HP: 2/51 [shot self (18)]
 13598 | Lair:3   | Killed a five-headed hydra
 13699 | Lair:3   | Reached skill level 12 in Transmutations
 14005 | Lair:3   | Gained mutation: Your thick and shaggy fur keeps you warm (AC +3, rC+). [Felid growth]
 14005 | Lair:3   | Reached XP level 12. HP: 56/56 MP: 13/19
 14286 | Lair:4   | Reached ****** piety under Makhleb
 14502 | Lair:4   | Noticed Rupert
 15323 | Lair:6   | Found a radiant altar of Vehumet.
 15388 | Lair:6   | Noticed a six-headed hydra
 15438 | Lair:6   | Killed a six-headed hydra
 15498 | Lair:6   | Found a staircase to the Shoals.
 15571 | Lair:6   | Found a staircase to the Snake Pit.
 16441 | Lair:7   | Reached XP level 13. HP: 60/60 MP: 15/20
 16444 | Lair:7   | Reached skill level 13 in Transmutations
 16970 | Lair:8   | Entered Level 8 of the Lair of Beasts
 17198 | Lair:8   | Found a dark tunnel.
 17216 | Volcano  | Entered a volcano
 17545 | Lair:8   | Noticed a dire elephant
 17565 | Lair:8   | Reached skill level 10 in Fighting
 17576 | Lair:8   | Killed a dire elephant
 17921 | Lair:7   | Slain by a death yak
 17922 | Lair:7   | Reached XP level 12. HP: -4/58 MP: 15/19
 17928 | Lair:7   | Reached skill level 14 in Transmutations
 17973 | Lair:7   | Reached XP level 13. HP: 62/62 MP: 15/20
 18436 | Lair:8   | Noticed a dire elephant
 18458 | Lair:8   | Killed a dire elephant
 18530 | Lair:8   | Found a burning altar of Makhleb.
 18744 | Lair:8   | HP: 3/94 [orange demon (6)]
 18932 | Lair:8   | Found a gateway to Hell.
 19124 | Lair:8   | Learned a level 7 spell: Dragon Form
 19844 | Lair:4   | Killed Rupert
 20041 | Lair:1   | Upgraded the game from 0.17-a0-2171-ga91b4ec to 0.17-a0-2208-ge5ab1d3
 20044 | Lair:1   | Learned a level 2 spell: Blink
 20116 | Orc:1    | Entered Level 1 of the Orcish Mines
 20233 | Orc:1    | Reached skill level 1 in Translocations
 20691 | Orc:3    | Found Sargh's Gadget Shop.
 20734 | Orc:3    | Bought a wand of digging (12) for 320 gold pieces
 20734 | Orc:3    | Bought a wand of teleportation (5) for 270 gold pieces
 20779 | Orc:3    | Found a staircase to the Elven Halls.
 20886 | Orc:3    | Noticed Donald
 20893 | Orc:3    | Killed Donald
 21355 | Orc:1    | Found a shimmering altar of Xom.
 21641 | Orc:4    | Entered Level 4 of the Orcish Mines
 21692 | Orc:4    | Reached XP level 14. HP: 67/67 MP: 15/21
 22617 | Orc:4    | Found Qoak's Food Boutique.
 22617 | Orc:4    | Found Xisifire's General Store.
 22619 | Orc:4    | Found Kouvaeni's Food Emporium.
 22621 | Orc:4    | Found Rumoew's Armour Shop.
 22901 | D:11     | Found Dyenoum's Distillery.
 22906 | D:11     | Bought a potion of heal wounds for 85 gold pieces
 22906 | D:11     | Bought 2 potions of heal wounds for 170 gold pieces
 22906 | D:11     | Bought a potion of curing for 51 gold pieces
 22906 | D:11     | Bought a potion of curing for 51 gold pieces
 22906 | D:11     | Bought a potion of curing for 51 gold pieces
 22906 | D:11     | Bought a potion of curing for 51 gold pieces
 22906 | D:11     | Bought a potion of might for 68 gold pieces
 22906 | D:11     | Bought a potion of agility for 68 gold pieces
 23210 | D:11     | Noticed a hill giant
 23212 | D:11     | Noticed a cyclops
 23240 | D:11     | Killed a hill giant
 23252 | D:11     | Killed a cyclops
 23398 | D:11     | Gained mutation: You are robust (+10% HP). [potion of beneficial mutation]
 24204 | D:12     | Reached skill level 15 in Transmutations
 24704 | D:13     | Found Hosourgh's Antique Weapon Emporium.
 25052 | D:13     | Found a shadowy altar of Dithmenos.
 25374 | D:13     | Found a gate to the Vaults.
 26229 | D:14     | Reached skill level 5 in Spellcasting
 26446 | D:15     | Entered Level 15 of the Dungeon
 26638 | D:15     | Reached XP level 15. HP: 60/79 MP: 17/23
 26682 | D:15     | Found a staircase to the Depths.
 27625 | D:10     | Killed an orc sorcerer
 27667 | Lair:1   | Learned a level 2 spell: Repel Missiles
 27802 | Snake:1  | Entered Level 1 of the Snake Pit
 27866 | Snake:1  | Reached skill level 1 in Charms
 27876 | Snake:1  | Noticed Roxanne
 27917 | Snake:1  | Noticed Aizul
 27946 | Snake:1  | Killed Aizul
 28094 | Snake:1  | HP: 2/79 [anaconda (2)]
 28822 | Snake:1  | Killed Roxanne
 29040 | Snake:2  | HP: 3/80 [naga warrior/mace (5)]
 29041 | Snake:2  | Shot with a poisoned arrow by a naga sharpshooter

Vault maps used:
D:1:      dpeg_cavernosity, serial_forest, infiniplex_forest_clump_curved,
          infiniplex_forest_3_way, infiniplex_forest_straight_3,
          infiniplex_forest_lined_3, infiniplex_forest_lined_room_2,
          infiniplex_forest_clump_medium, infiniplex_forest_corner_1,
          infiniplex_forest_straight_3, infiniplex_forest_lined_4_way
D:3:      overflow_temple_1_default, nicolae_ru_awakened_eye
D:4:      gammafunk_temple_overflow_wave, first_bread, uniq_menkaure
D:5:      old_standard_altar, slow_altar_2, minmay_temple_entry_from_below_a,
          uniq_sigmund
D:6:      lemuel_doored_altar, kennysheep_mini, serial_shops, shop,
          nicolae_shop_statue_plus, roderic_curled_sauvastika, st_stairs_14,
          uniq_prince_ribbit1, uniq_edmund
D:7:      serial_shops, shop
D:8:      serial_shops, kennysheep_mini_moat
D:9:      lair_0_dummy
D:10:     lemuel_castle_with_subvaults, erik_orc_3, grunt_ogre_cave, uniq_snorg,
          uniq_grum
D:11:     lemuel_slime, serial_shops, shop, minivault_19
D:13:     grunt_vaults_entry_fortified, basic_altar, serial_shops, shop,
          kennysheep_cluttered_room
D:15:     hangedman_depths_entry_try_elsewhere_first, minmay_misc_feat_tiny
Temple:   circular_temple_12
Lair:2:   lab_entry_generic, special_room, lemuel_fruit_tree
Lair:3:   lemuel_fruit_fields
Lair:4:   uniq_rupert
Lair:5:   ldierk_geyser, serial_bayou_shore_b, grunt_megastairs_3
Lair:6:   minmay_shoals_entry_lonely_mermaid, guppyfry_snake_entry_garden,
          minmay_slime_entry_oklob_enclosed, basic_altar, forest_entry_grove
Lair:8:   evil_forest, enter_volcano_3
Snake:1:  uniq_aizul, uniq_roxanne
Snake:2:  grunt_ministairs_5
Orc:1:    basic_altar
Orc:3:    serial_shops, shop, nicolae_orc_pool_cavern, uniq_donald
Orc:4:    st_orc_rangers
Lab:      labyrinth_mini_lab, labyrinth_fake_exit, nicolae_lab_statue,
          labyrinth_lava_lair, lab_hedge, nicolae_lab_lava,
          labyrinth_skeletal_remains
Volcano:  volcano_bunker

Action                   |  1- 3 |  4- 6 |  7- 9 | 10-12 | 13-15 || total
-------------------------+-------+-------+-------+-------+-------++-------
Melee: Unarmed           |    85 |   181 |   454 |   720 |  1344 ||  2784
 Cast: Beastly Appendage |     7 |     7 |     2 |     1 |       ||    17
       Sticks to Snakes  |     4 |     8 |     4 |     5 |     1 ||    22
       Spider Form       |       |    17 |    34 |       |       ||    51
       Blade Hands       |       |       |    13 |    65 |    95 ||   173
       Dragon Form       |       |       |       |       |     3 ||     3
       Repel Missiles    |       |       |       |       |     2 ||     2
Invok: Lesser Servant of |       |       |       |     9 |    10 ||    19
       Minor Destruction |       |       |       |     3 |       ||     3
       Major Destruction |       |       |       |     1 |       ||     1
 Abil: Evoke Berserk Rag |       |     3 |     3 |     7 |     7 ||    20
       End Transformatio |       |       |     1 |       |     6 ||     7
       Evoke Flight      |       |       |       |     1 |     1 ||     2
Evoke: Wand              |       |       |       |    11 |     1 ||    12
  Use: Scroll            |     1 |     4 |    20 |    12 |     9 ||    46
       Potion            |       |     5 |     2 |     2 |    10 ||    19
 Stab: Sleeping          |     7 |    11 |    16 |    37 |    83 ||   154
       Distracted        |       |       |     1 |     4 |     7 ||    12
       Confused          |       |       |       |       |     1 ||     1
  Eat: Chunk             |     9 |    14 |    28 |    50 |    79 ||   180
